 Dungeon Crawl Stone Soup version 0.29.1 (webtiles) character file.

Game seed: 4804137069573529221

48 Icepheonix32 the Trooper (level 3, 0/33 HPs)
             Began as a Minotaur Fighter on Sept 13, 2022.
             Killed from afar by a dart slug (4 damage)
             ... with a slug dart
             ... on level 2 of the Dungeon.
             The game lasted 00:00:49 (797 turns).

Icepheonix32 the Trooper (Minotaur Fighter)          Turns: 797, Time: 00:00:50

Health: 0/33       AC:  7    Str: 22    XL:     3   Next: 50%
Magic:  2/2        EV:  9    Int:  5    God:
Gold:   57         SH:  4    Dex:  9    Spells: 2/2 levels left

rFire   . . .      SeeInvis .   a - +0 long sword
rCold   . . .      Faith    .   c - +0 buckler
rNeg    . . .      Spirit   .   b - +0 scale mail
rPois   .          Reflect  .   (helmet restricted)
rElec   .          Harm     .   (no cloak)
rCorr   .          Rampage  .   (no gloves)
Will    .....                   (no boots)
Stlth   ..........              (no amulet)
HPRegen 0.11/turn               (no ring)
MPRegen 0.08/turn               (no ring)

@: mighty
A: horns 2, retaliatory headbutt
a: no special abilities


You were on level 2 of the Dungeon.
You visited 1 branch of the dungeon, and saw 2 of its levels.

You collected 57 gold pieces.

Inventory:

Hand Weapons
 a - a +0 long sword (weapon)
Armour
 b - a +0 scale mail (worn)
 c - a +0 buckler (worn)
Jewellery
 o - a ring of resist corrosion
Scrolls
 e - a scroll of butterflies {unknown}
 g - 2 scrolls of identify {unknown}
 k - 2 scrolls of teleportation {unknown}
 l - a scroll of summoning {unknown}
 m - a scroll of acquirement {unknown}
Potions
 f - a potion of brilliance {unknown}
 h - a potion of curing {unknown}
 i - a potion of magic {unknown}
 j - a potion of berserk rage {unknown}
 n - a potion of invisibility {unknown}
 p - a potion of degeneration {unknown}


   Skills:
 * Level 4.1 Fighting
 * Level 3.6 Long Blades
 + Level 3.8 Armour
 + Level 4.1 Shields


You had 2 spell levels left.
You didn't know any spells.
Your spell library contained the following spells:

 Spells                   Type           Power      Damage    Failure   Level
 Foxfire                  Conj/Fire      0%         2x1d4     87%         1
 Conjure Flame            Conj/Fire      0%         6-21      99%         3
 Inner Flame              Hex/Fire       0%         N/A       99%         3
 Flame Wave               Conj/Fire      0%         2d4       100%        4


Dungeon Overview and Level Annotations

Branches:
Dungeon (2/15)

Altars:


Innate Abilities, Weirdness & Mutations

You have a pair of horns on your head.
You reflexively headbutt those who attack you in melee.


Message History

Jessica blinks!
You miss the kobold. The kobold hits you with a +0 whip.
* * * LOW HITPOINT WARNING * * *
The kobold hits you with a +0 whip.
* * * LOW HITPOINT WARNING * * *
You feel very mighty all of a sudden. The kobold barely misses you.
You furiously retaliate!
You headbutt the kobold!
You kill the kobold!
Jessica shouts, "You are a ghastly nuisance!"
Jessica casts a spell at you. Pain shoots through your body!
* * * LOW HITPOINT WARNING * * *
You slash Jessica!
You kill Jessica!
Your Long Blades skill increases to level 3!
Your Shields skill increases to level 4!
You have reached level 3!
Your experience leads to an increase in your attributes!
Increase (S)trength, (I)ntelligence, or (D)exterity?
You feel stronger. x2
Things that are here:
a +0 club; a +0 robe You see here a +0 whip.
You feel yourself speed up.
A jackal comes into view.
The jackal barks!
A jackal is nearby!
A jackal is nearby!
You are too injured to fight recklessly!
An adder comes into view.
The jackal bites you but does no damage.
You hit the jackal.
You kill the jackal!
A dart slug comes into view.
You barely miss the adder.
A jackal comes into view.
The adder bites you but does no damage. The dart slug launches a dart at you.
The slug dart hits you.
You die...

... ... .. #.# .### #.#
..### . #.#
####...#####.# #
###.####............
.##...##..>...........#
....##...#.......##..#
##......))......@....#
....####........S###....
##<.# #..#.........# w
#..####....####.##...#
#.#.....######h.....##
....#.####<.....###...
.......†...####..# #...
..##.####### ##. .## #.
#.#


You could see an adder, a dart slug and a jackal (wandering).

Vanquished Creatures
  Jessica (D:2)
  2 endoplasms (D:1)
  3 giant cockroaches
  A goblin (D:1)
  2 hobgoblins
  3 jackals (D:2)
  3 kobolds
  A bat (D:1)
  A frilled lizard (D:1)
  3 rats
20 creatures vanquished.

Notes
Turn   | Place    | Note
-------+----------+-------------------------------------------
     0 | D:1      | Icepheonix32 the Minotaur Fighter began the quest for the
                  | Orb.
     0 | D:1      | Reached XP level 1. HP: 19/19 MP: 0/0
   332 | D:1      | Reached XP level 2. HP: 27/27 MP: 1/1
   387 | D:1      | Found a faded altar of an unknown god.
   776 | D:2      | Noticed Jessica
   786 | D:2      | Killed Jessica
   787 | D:2      | Reached XP level 3. HP: 2/33 MP: 2/2
   797 | D:2      | Killed from afar by a dart slug

Illustrated notes

Levels and vault maps discovered:
D:1:      kennysheep_arrival_forest, layout_rooms,
          hellmonk_ecumenical_altar_inner_sanctum
D:2:      layout_rooms, basic_altar, chequers_serial_rivers_marsh, uniq_robin,
          uniq_sigmund, uniq_jessica

Skill      XL: |  1  2 |
---------------+-------+-----
Fighting       | 4 |  4.1
Long Blades    | 3 |  3.6
Shields        | 4 |  4.1
Armour         | |  3.8

Action                   || total
-------------------------++-------
Melee: Long sword        ||    52
       Headbutt          ||     4
  Use: Potion            ||     1
Armor: Scale mail        ||    34
Dodge: Dodged            ||    22
Block: Buckler           ||    13
